← All builds
Geo sea / Armada / Economy first / OBSERVED BUILD

Standard geo sea

Armada Geo sea build order · Supreme Isthmus

Shipyard in the cove backed by a bot lab, pushing out early submarines and destroyers to contest the sea while teching up to a geothermal plant around 7:46, the role's bread-and-butter naval contest.

Usually shipyard in the cove (87%)

#naval #eco · 758 distinct matches · 103 players · 80% of Armada Geo sea games · team won 54% of 808 · Recently observed

HOW TO PLAY IT

Key timing: Shipyard by 3:13

  1. Open 3 mex and wind into Bot Lab.
  2. Put up Shipyard with naval turret and BP for defense.
  3. Send out "submarine" then "destroyer" to contest the sea.
  4. Bring geothermal online to fund the fleet.
  5. Add Advanced Metal Extractor as the economy transitions.

Phase by phase

TYPICAL OF ITS 758 GAMES
  1. 1
  2. 2
  3. 3
  4. 4
PLAY THE OPENING

Follow the example game's first 6:00 step by step: what to build now, what comes next, and where it goes. At 1× it keeps pace with your own game.

  1. 1

    Up to the Bot Lab

    Economy
    • Metal Extractor3Mex
    • Wind Turbine3Wind
    Order
    1. Bot LabBot Lab after 3 mex, 3 winddone ~1:12, middle half 1:06–1:17

    Some games also: wind for allies (44%)

    By 0:55 in all: 3 mex · 3 wind

    The example game in this phase · 3 steps
    1. Mex ×3
    2. Wind ×4
    3. Bot LabBot Labdone 1:11 · typical 1:12
  2. 2

    Bot Lab to Shipyard

    Economy
    • Metal Extractor1Mex
    • Wind Turbine1Wind
    Order
    1. ShipyardShipyard after 4 mex, 4 winddone ~3:10, middle half 2:49–3:36
    Builders
    • Construction Bot3 Con bot
    • Lazarus2 Lazarus

    Some games also: pawn (43%) · con turret (37%) · crossbow (34%)

    By 2:47 in all: 4 mex · 4 wind

    The example game in this phase · 6 steps
    1. Construction BotCon bot
    2. LazarusLazarus
    3. Construction BotCon bot
    4. LazarusLazarus
    5. Construction BotCon bot
    6. ShipyardShipyarddone 2:36 · typical 3:10
  3. 3

    Shipyard to 5:00

    Economy
    • Metal Extractor4Mex
    • Wind Turbine1Wind
    Builders
    • Construction Ship1 Con ship
    Army
    • Dolphin3 Dolphin
    • Skater1 Skater
    • Corsair1 Destroyer
    Other
    • Radar Tower1 Radar Tower

    Some games also: Sentry (44%) · submarine (44%) · converter (32%) · pawn (32%) · con turret (31%)

    By 5:00 in all: 8 mex · 7 wind · 1 energy storage · 1 con turret

    The example game in this phase · 15 steps
    1. PawnPawn
    2. Mex
    3. LazarusLazarus
    4. SkaterSkater ×2
    5. Construction ShipCon ship
    6. DolphinDolphin
    7. Mex
    8. DolphinDolphin ×2
    9. Radar TowerRadar Tower
    10. SkaterSkater
    11. CorsairDestroyerdone 4:33 · typical 5:35
    12. Mex
    13. Geothermal PowerplantGeodone 7:51 · typical 7:46
    14. Mex ×3
    15. DolphinDolphin ×2
  4. 4

    5:00 to 10:00

    Economy
    • Metal Extractor2Mex
    • Wind Turbine12Wind
    • Energy Converter2Converter
    Builders
    • Construction Turret1 Con turret
    • Construction Ship1 Con ship
    • Grim Reaper1 Grim Reaper
    Army
    • Sentry1 Sentry
    • Dolphin5 Dolphin
    • Skater2 Skater
    • Corsair2 Destroyer

    Some games also: Radar Tower (48%) · geo (40%) · frigate (39%) · Harpoon (39%) · Naval Construction Turret (34%)

    By 10:00 in all: 11 mex · 19 wind · 1 geo · 4 converter · 1 energy storage · 2 con turret

    The example game in this phase · 120 steps
    1. Radar TowerRadar Tower
    2. Mex
    3. DolphinDolphin
    4. SkaterSkater
    5. SentrySentry
    6. Wind
    7. Mex
    8. AnemoneAnemone
    9. CorsairDestroyer
    10. SentrySentry
    11. Con turret
    12. Wind ×3
    13. SentrySentry
    14. Wind
    15. Grim ReaperGrim Reaper
    16. Con turret
    17. DolphinDolphin ×2
    18. NettleNettle
    19. DolphinDolphin
    20. Wind
    21. Advanced Metal ExtractorT2 mexdone 9:09 · typical 9:17
    22. Wind
    23. SkaterSkater
    24. Wind
    25. CorsairDestroyer
    26. Wind ×2
    27. SentrySentry
    28. Converter
    29. Advanced Metal ExtractorT2 mex
    30. Converter
    31. DolphinDolphin
    32. Wind
    33. Converter
    34. DolphinDolphin
    35. Wind ×2
    36. Converter
    37. DolphinDolphin
    38. Wind
    39. Con turret
    40. SkaterSkater
    41. Wind ×2
    42. CorsairDestroyer
    43. CauteriserCauteriser
    44. Wind
    45. Advanced Metal ExtractorT2 mex
    46. Wind
    47. Converter
    48. Wind ×3
    49. Grim ReaperGrim Reaper
    50. Converter
    51. Wind ×2
    52. DolphinDolphin
    53. Wind
    54. Converter
    55. DolphinDolphin
    56. Wind
    57. Converter
    58. Wind
    59. Con turret
    60. DolphinDolphin
    61. Wind
    62. Con turret
    63. Wind
    64. SkaterSkater
    65. Naval Construction Turret
    66. Wind ×2
    67. Advanced Metal ExtractorT2 mex
    68. Con turret
    69. CorsairDestroyer
    70. Wind ×2
    71. Converter
    72. DolphinDolphin
    73. Wind
    74. Converter
    75. Dragon's ClawDragon's Claw
    76. DolphinDolphin
    77. Wind
    78. Converter
    79. DolphinDolphin
    80. Wind
    81. Converter
    82. SkaterSkater
    83. Wind
    84. EelSubmarinedone 12:17 · typical 4:21
    85. Wind
    86. EelSubmarine
    87. Wind
    88. CorsairDestroyer
    89. Wind ×2
    90. Grim ReaperGrim Reaper
    91. Wind
    92. DolphinDolphin
    93. Wind
    94. DolphinDolphin ×2
    95. Advanced Metal ExtractorT2 mex
    96. Wind
    97. SkaterSkater
    98. CorsairDestroyer
    99. Wind ×3
    100. DolphinDolphin ×2
    101. Wind
    102. DolphinDolphin
    103. Wind
    104. SkaterSkater
    105. EelSubmarine
    106. Wind ×2
    107. EelSubmarine
    108. Wind
    109. CorsairDestroyer
    110. Wind
    111. Advanced Metal ExtractorT2 mex
    112. Wind
    113. Grim ReaperGrim Reaper
    114. Wind
    115. DolphinDolphin ×3
    116. SkaterSkater
    117. CorsairDestroyer
    118. DolphinDolphin ×3
    119. SkaterSkater
    120. EelSubmarine ×2

Counts are medians over the build's games: half of them build more, half fewer. The example game is Thurley's (35 OS, 05/09/2026); pick another.

Team trades

IN AT LEAST 30% OF ITS GAMES

You hand over

  • Wind Turbine2 Wind to Airfirst at 1:41 · in 62% of games

You get

  • Finch1 Finch from Airfirst at 1:51 · in 74% of games
  • Hercules1 Light transport from Airfirst at 2:04 · in 63% of games
  • Advanced Construction Bot1 T2 con bot from Techfirst at 7:40 · in 89% of games

How it plays out

Typical game of this build, running totals by minute

Metal produced

010k20k30k
0:005:0010:0015:00

metal

Enemy metal destroyed

05k10k
0:005:0010:0015:00

metal

Own metal lost

02.5k5k7.5k
0:005:0010:0015:00

metal

808 games.

Show as table
ByMetal produced: This buildEnemy metal destroyed: This buildOwn metal lost: This build
1:0039500
2:0092800
3:00160200
4:002915051
5:00414517874
6:005554541307
7:0071111005646
8:00877317501052
9:001065425411692
10:001294534302273
11:001558446593178
12:001859557333936
13:002185669014793
14:002551379915646
15:002898891086662
WHAT THE NUMBERS SAY

Standard Armada geo sea nearly matches Cortex's economy numbers but wins slightly more often at 53%.

  • + Metal produced reaches 28785 by 15:00, the highest of the sea builds
  • + Own metal lost of 6895 stays well under enemy metal destroyed's 9048
  • − Geothermal only lands in 58% of games by 7:34
  • − T2 factory completes in only 40% of games by 12:43
THE EXAMPLE YOU ARE READING

Thurley

35.0 OS · 05/09/2026

Open source match ↗

4 received units · includes a constructor
278 metal received · 8174 energy received

Allied construction assistance is unknown. Timings are observations, not a promise of solo reproducibility.

Typical milestones

Bot Lab1:12Middle 50%: 1:06–1:17 · n=775
Shipyard3:10Middle 50%: 2:49–3:36 · n=797
Eel4:21Middle 50%: 3:41–5:34 · n=478
Corsair5:35Middle 50%: 4:50–6:34 · n=746
Geothermal Powerplant7:46Middle 50%: 6:49–9:15 · n=494
Advanced Metal Extractor9:17Middle 50%: 8:36–10:06 · n=702

Played most by

_X_56games of this buildOptimusprimenutt52games of this buildKingBenjai49games of this buildhaaven44games of this buildRexalidus35games of this build